 Dungeon Crawl Stone Soup version 0.26-a0-34-g9e0bf03589 (webtiles) character file.

Game seed: 6794852535952770173, levelgen mode: deterministic

22 RaHiT the Stinger (level 2, -1/22 HPs)
             Began as a Naga Venom Mage on May 29, 2020.
             Slain by Terence
             ... wielding a +3 trident of freezing
              (2 damage)
             ... on level 2 of the Dungeon.
             The game lasted 00:05:03 (1045 turns).

RaHiT the Stinger (Naga Venom Mage)                 Turns: 1045, Time: 00:05:04

Health: -1/22      AC:  1    Str: 10    XL:     2   Next: 91%
Magic:  2/5        EV: 10    Int: 15    God:
Gold:   57         SH:  0    Dex: 11    Spells: 4/5 levels left

rFire    . . .     SeeInvis +   e - +2 short sword (vamp)
rCold    . . .     Gourm    .   (no shield)
rNeg     . . .     Faith    .   a - +0 robe
rPois    +         Spirit   .   (no helmet)
rElec    .         Reflect  .   (no cloak)
rCorr    .         Harm     .   (no gloves)
MR       .....                  (no barding)
Stlth    ++........             (no amulet)
HPRegen  0.07/turn              (no ring)
MPRegen  0.09/turn              (no ring)

@: short of breath, very slow
A: large, see invisible, deformed body, poison resistance, slowness 2, slow
metabolism 1, spit poison 1, AC +0
a: Spit Poison


You were on level 2 of the Dungeon.
You were not hungry.

You visited 1 branch of the dungeon, and saw 2 of its levels.

You collected 57 gold pieces.

Inventory:

Hand Weapons
 e - a +2 vampiric short sword (weapon)
Missiles
 l - 17 poisoned darts (quivered)
 m - 26 bolts
Armour
 a - a +0 robe (worn)
Scrolls
 d - a scroll of enchant armour {unknown}
 h - a scroll of remove curse
 j - a scroll of teleportation
 n - a scroll of magic mapping
Potions
 f - a potion of mutation
 g - a potion of ambrosia {unknown}
 i - 2 potions of degeneration {unknown}
 k - a potion of might {unknown}
Comestibles
 b - a chunk of flesh
 c - 3 rations


   Skills:
 - Level 2.0 Dodging
 - Level 3.0 Stealth
 - Level 2.0 Spellcasting
 - Level 1.0 Transmutations
 + Level 5.0 Poison Magic


You had 4 spell levels left.
You knew the following spells:

 Your Spells              Type           Power        Failure   Level  Hunger
a - Sting                 Tmut/Pois      ##..         6%          1    #......

Your spell library contained the following spells:

 Spells                   Type           Power        Failure   Level  Hunger
 Poisonous Vapours        Pois/Air       #.....       12%         2    ###....
 Ignite Poison            Fire/Tmut/Pois #.......     28%         3    ###....
 Olgreb's Toxic Radiance  Pois           ###.....     28%         4    #####..
 Mephitic Cloud           Conj/Pois/Air  #.......     32%         3    ###....


Dungeon Overview and Level Annotations

Branches:
Dungeon (2/15)

Altars:
Sif Muna

Annotations:
D:2 Terence


Innate Abilities, Weirdness & Mutations

You cannot wear boots.
Your serpentine skin is tough. (AC +0)
You have supernaturally acute eyesight. (SInv)
Armour fits poorly on your strangely shaped body.
Your system is resistant to poisons. (rPois)
You cover ground very slowly.
You have a slow metabolism.
You can spit poison.


Message History

Confirm with . or Enter, or press ? or * to list all spells.
Aiming: Sting (safe; 6% risk of failure)
Press: ? - help, Shift-Dir - straight line, f/p - Terence
Aim: Terence, wielding a +3 trident of freezing and wearing a +0 scale mail (moderately wounded, poisoned)
The sting hits Terence.
Terence looks even sicker.
Terence is moderately wounded.
Terence hits you from afar with a +3 trident of freezing.
* * * LOW HITPOINT WARNING * * *
Terence freezes you.
* * * LOW HITPOINT WARNING * * *
Casting: Sting (safe; 6% risk of failure)
Confirm with . or Enter, or press ? or * to list all spells.
Aiming: Sting (safe; 6% risk of failure)
Press: ? - help, Shift-Dir - straight line, f/p - Terence
Aim: Terence, wielding a +3 trident of freezing and wearing a +0 scale mail (moderately wounded, very poisoned)
The sting hits Terence but does no damage.
Terence looks even sicker.
Terence is moderately wounded.
Terence hits you from afar with a +3 trident of freezing.
You die...

...### ..... #....
#...# ##.#. #...#
#... #...# ###.
...† #.#.####.
#..####### #......#
#...@.....#...####.
#@# # #. #.# #. #.#
## #.# #
#.############ #
#............# #
############.# #
#.##### #......


You could see Terence (very poisoned).

Vanquished Creatures
  A dart slug (D:2)
  2 bats
  5 goblins
  3 hobgoblins
  A ball python (D:1)
  2 frilled lizards (D:1)
  4 kobolds
  2 rats
20 creatures vanquished.

Notes
Turn   | Place    | Note
-------+----------+-------------------------------------------
     0 | D:1      | RaHiT the Naga Venom Mage began the quest for the Orb.
     0 | D:1      | Reached XP level 1. HP: 15/15 MP: 3/3
     6 | D:1      | Noticed a rime drake
     6 | D:1      | Noticed a polar bear
     7 | D:1      | Noticed a salamander
     7 | D:1      | Noticed a swamp worm
   339 | D:1      | Reached XP level 2. HP: 22/22 MP: 5/5
   929 | D:2      | Found a shimmering blue altar of Sif Muna.
  1004 | D:2      | Reached skill level 5 in Poison Magic
  1013 | D:2      | Noticed Terence
  1044 | D:2      | HP: 1/22 [Terence/+3 trident of freezing (3)]
  1045 | D:2      | Slain by Terence

Illustrated notes

Levels and vault maps discovered:
D:1:      onia_arrival_zoo_common, layout_loops_ring
D:2:      layout_loops_ring, nicolae_overflow_crystal_walls,
          lemuel_doored_altar, uniq_terence

Skill      XL: |  1  2 |
---------------+-------+-----
Dodging        | 2 |  2.0
Poison Magic   | 5 |  5.0
Stealth        | |  3.0
Spellcasting   | |  2.0
Transmutations | |  1.0

Action                   || total
-------------------------++-------
Melee: Short sword       ||    14
 Cast: Sting             ||    11
 Abil: Spit Poison       ||    15
  Use: Scroll            ||     4
 Stab: Sleeping          ||     3
  Eat: Chunk             ||     1
Armor: Robe              ||     2
Dodge: Dodged            ||    10

Table legend:
 A = Non-vault XP
 B = Vault XP
 C = Vault XP percentage of total XP
 D = Non-vault monster count
 E = Vault monster count
 F = Vault count percentage of total count
                 A         B        C        D         E       F
            +---------+---------+-------+---------+---------+-------
      Total |      32 |       0 |   0.0 |      20 |       0 |   0.0
            +---------+---------+-------+---------+---------+-------
        D:1 |      19 |       0 |   0.0 |      13 |       0 |   0.0
        D:2 |      13 |       0 |   0.0 |       7 |       0 |   0.0
            +---------+---------+-------+---------+---------+-------
